 Dungeon Crawl Stone Soup version 0.27-a0-1188-g73eefd5def (webtiles) character file.

Game seed: 6401597013261007876

61408 tilp the Convoker (level 15, -22/120 HPs)
             Began as a Barachi Summoner on May 21, 2021.
             Was the Champion of Okawaru.
             Annihilated by a very large slime creature (51 damage)
             ... on level 11 of the Dungeon.
             The game lasted 01:06:53 (22316 turns).

tilp the Convoker (Barachi Summoner)               Turns: 22316, Time: 01:06:53

Health: -22/120    AC: 22    Str: 27    XL:     15   Next: 2%
Magic:  18/27      EV: 15    Int: 15    God:    Okawaru [******]
Gold:   2084       SH:  7    Dex: 14    Spells: 13/30 levels left

rFire    . . .     SeeInvis .   a - +5 trident (freeze)
rCold    + + .     Faith    .   E - +1 buckler {AC+3}
rNeg     . . .     Spirit   .   G - +0 scale mail {rPois}
rPois    +         Reflect  .   D - +0 hat of Ethics {Will+++ Str+9 Stlth-}
rElec    .         Harm     .   T - +2 cloak {rCorr}
rCorr    +         Rampage  +   w - +1 pair of gloves of Dogmatism {rC++ Slay+2 Stlth+}
Will     ++++.                  k - +1 pair of boots of the Slorg {Rampage rCorr Str+3}
Stlth    +++.......             g - amulet of regeneration
HPRegen  1.30/turn              y - +4 ring of slaying
MPRegen  0.20/turn              p - +4 ring of protection

@: heroic, unable to hop, slow
A: amphibious, slowness 1, strong legs 2, +LOS
a: Hop, Renounce Religion, Heroism, Finesse


You were on level 11 of the Dungeon.
You worshipped Okawaru.
Okawaru was exalted by your worship.
You visited 3 branches of the dungeon, and saw 19 of its levels.
You also visited: Gauntlet.

You collected 2279 gold pieces.
You spent 195 gold pieces at shops.

Inventory:

Hand Weapons
 a - a +5 trident of freezing (weapon)
 b - a +2 trident of flaming
 s - the +2 halberd of Judgement {spect, Str+7}
   (Okawaru gifted it to you in a Gauntlet)

   When it strikes, its spirit leaps out and fights alongside the wielder.
   It affects your strength (+7).
 Y - a +3 bardiche of venom
Missiles
 e - 16 curare-tipped darts {!f}
 i - 4 throwing nets {!f}
 l - 12 atropa-tipped darts
 q - 183 poisoned darts (quivered)
 z - 2 boomerangs
Armour
 k - the +1 pair of boots of the Slorg (worn) {Rampage rCorr Str+3}
   (You found it in a Gauntlet)

   It affects your strength (+3).
   It protects you from acid and corrosion.
   It bestows one free step when moving towards enemies.
 r - a +2 helmet
 w - the +1 pair of gloves of Dogmatism (worn) {rC++ Slay+2 Stlth+}
   (You acquired it on level 6 of the Lair of Beasts)

   It affects your accuracy and damage with ranged weapons and melee attacks
   (+2).
   It greatly protects you from cold.
   It makes you more stealthy.
 D - the +0 hat of Ethics (worn) {Will+++ Str+9 Stlth-}
   (You acquired it on level 7 of the Dungeon)

   It affects your strength (+9).
   It greatly increases your willpower.
   It makes you less stealthy.
 E - a +1 buckler of protection (worn)
 G - a +0 scale mail of poison resistance (worn)
 T - a +2 cloak of preservation (worn)
 V - the +3 salamander hide armour {Flames rF++ rC--}
   (You found it on level 2 of the Lair of Beasts)

   It surrounds you with a cloud of flames.
   It grants immunity to clouds of flame.
   It enhances your fire magic.
   It greatly protects you from fire.
   It makes you very vulnerable to cold.
Jewellery
 g - an amulet of regeneration (around neck)
 j - the ring "Kuysiny" {Will+ rCorr Dex+6}
   (You found it in a Gauntlet)

   [ring of dexterity]

   It affects your dexterity (+6).
   It protects you from acid and corrosion.
   It increases your willpower.
 o - a ring of poison resistance
 p - a +4 ring of protection (right hand)
 u - an amulet of reflection
 y - a +4 ring of slaying (left hand)
 A - the ring "Sah Qowe" {Dex+6 SInv}
   (You found it in a Gauntlet)

   [ring of dexterity]

   It affects your dexterity (+6).
   It lets you see invisible.
Wands
 m - a wand of flame (110)
 C - a wand of iceblast (13)
 J - a wand of polymorph (8)
 L - a wand of charming (43)
 N - a wand of paralysis (3)
 X - a wand of mindburst (18)
 Z - a wand of acid (6)
Scrolls
 d - a scroll of blinking
 t - a scroll of fear
 v - 2 scrolls of identify
 I - a scroll of magic mapping
 O - 2 scrolls of fog
 P - 2 scrolls of teleportation
 U - 3 scrolls of immolation
Potions
 c - 3 potions of attraction
 f - 6 potions of curing
 h - 17 potions of ambrosia
 n - 2 potions of brilliance
 x - 3 potions of heal wounds
 F - 5 potions of lignification
 H - 2 potions of magic
 M - a potion of mutation
 Q - a potion of might
 R - 2 potions of flight
Miscellaneous
 B - a tin of tremorstones (2/2)
 S - a lightning rod (4/4)
 W - a condenser vane


   Skills:
 - Level 12.0(17.0) Fighting
 - Level 12.0(17.0) Polearms
 - Level 6.0(11.0) Dodging
 - Level 4.0(9.0) Stealth
 - Level 4.0(9.0) Shields
 - Level 8.0 Spellcasting
 + Level 17.0 Summonings
 - Level 4.0 Ice Magic
 - Level 4.0 Air Magic
 - Level 8.0 Invocations
 - Level 4.0 Evocations


You had 13 spell levels left.
You knew the following spells:

 Your Spells              Type           Power      Damage    Failure   Level
a - Summon Small Mammal   Summ           100%       N/A       1%          1
b - Call Imp              Summ           55%        N/A       1%          2
c - Call Canine Familiar  Summ           55%        N/A       1%          3
d - Summon Guardian Gole  Hex/Summ       31%        N/A       2%          3
e - Summon Ice Beast      Ice/Summ       37%        N/A       3%          4
f - Summon Lightning Spi  Summ/Air       37%        N/A       3%          4

Your spell library contained the following spells:

 Spells                   Type           Power      Damage    Failure   Level
 Shock                    Conj/Air       48%        1d6       11%         1
 Swiftness                Air            18%        N/A       14%         3
 Ensorcelled Hibernation  Hex/Ice        24%        N/A       17%         2
 Poisonous Vapours        Pois/Air       24%        N/A       17%         2
 Static Discharge         Conj/Air       12%        N/A       17%         2
 Summon Forest            Summ/Tloc      15%        N/A       22%         5
 Animate Skeleton         Necr           12%        N/A       26%         1
 Corona                   Hex            6%         N/A       26%         1
 Magic Dart               Conj           24%        1d4       26%         1
 Pain                     Necr           24%        1d5       26%         1
 Sting                    Tmut/Pois      24%        1d4       26%         1
 Blink                    Tloc           N/A        N/A       36%         2
 Slow                     Hex            6%         N/A       36%         2
 Mephitic Cloud           Conj/Pois/Air  9%         N/A       41%         3
 Airstrike                Air            9%         N/A       43%         4
 Confusing Touch          Hex            6%         N/A       58%         3
 Conjure Flame            Conj/Fire      6%         6-21      58%         3
 Dazzling Flash           Conj/Hex       12%        N/A       58%         3
 Ignite Poison            Fire/Tmut/Pois 6%         N/A       58%         3
 Tukima's Dance           Hex            6%         N/A       58%         3
 Vampiric Draining        Necr           3%         2d6       58%         3
 Animate Dead             Necr           3%         N/A       94%         4
 Olgreb's Toxic Radiance  Pois           6%         N/A       94%         4
 Lightning Bolt           Conj/Air       6%         1d18      97%         5
 Agony                    Necr           6%         N/A       100%        5
 Freezing Cloud           Conj/Ice/Air   6%         6-21      100%        6
 Dragon's Call            Summ           27%        N/A       100%        9


Dungeon Overview and Level Annotations

Branches:
Dungeon (12/15)            Temple (1/1) D:7            Lair (6/6) D:11
  Swamp (0/4) Lair:3        Snake (0/4) Lair:3        Slime (0/5) Lair:5
    Orc (0/2) D:11        Gauntlet (visited)

Altars:
Ashenzari
Cheibriados
Dithmenos
Elyvilon
Fedhas
Gozag
Hepliaklqana
Kikubaaqudgha
Makhleb
Nemelex Xobeh
Okawaru
Qazlal
Ru
Sif Muna
Trog
Uskayaw
Vehumet
Wu Jian
Xom
Yredelemnul
Zin
The Shining One
Beogh
Jiyva

Shops:
D:1 (   D:5 =

Annotations:
D:11 dig bault
Lair:4 2 transporters, exclusion: ice statue, Esikicw's ghost, journeyman MiWn


Innate Abilities, Weirdness & Mutations

You are amphibious.
You cover ground slowly.
You can hop long distances.
You have an extended range of vision and can be seen from far away.


Message History

Unknown command.
You are too injured to fight recklessly!
Hop to where?
Press: ? - help, Dir - move target, f - you
Okay, then.
Hop to where?
Press: ? - help, Dir - move target Boing!
The slime creature closely misses you.
Unknown command.
Two slime creatures merge to form a very large slime creature.
Things that are here:
18 arrows; a +0 shortbow
Casting: Summon Lightning Spire (mildly dangerous; 3% risk of failure)
Confirm with . or Enter, or press ? or * to list all spells.
An electric hum fills the air.
Casting: Summon Lightning Spire (mildly dangerous; 3% risk of failure)
Confirm with . or Enter, or press ? or * to list all spells.
An electric hum fills the air.
Your lightning spire disappears in a puff of smoke!
The very large slime creature hits you!!
* * * LOW HITPOINT WARNING * * *
You gain the combat prowess of a mighty hero.
The very large slime creature misses you.
You puncture the very large slime creature!
You freeze the very large slime creature!
The very large slime creature is heavily wounded.
The very large slime creature hits you but does no damage.
You puncture the very large slime creature!
You freeze the very large slime creature.
The very large slime creature is heavily wounded.
You puncture the very large slime creature!
You freeze the very large slime creature!
The very large slime creature is severely wounded.
The very large slime creature hits you!!
* * * LOW HITPOINT WARNING * * *
You hit the very large slime creature.
You freeze the very large slime creature.
The very large slime creature is severely wounded.
The very large slime creature hits you!!!
You die...

.................).....#
#.##.##.
..#...#####.#...########
#.##.##. ..#####
#>######.## #.##.##. ..#
#J# ##.#.######.##.##.
######## #.#
##.###.....#.......
#......# #(###.##
##.##.####.### #.####.#
#)...## ##.#.####.#
..####.########J##
##.........# ....##.#.##
##@###.###[######
..#.......# ##8#.####<#
..####.#.## ##.......#
.......#.# #########
.#######.#### ##
#.......# ### #.##.##.#
..# #.##.##†# ..#
#.##.##.#


You could see a very large slime creature (ally target) and a friendly lightning
spire (summoned).

Vanquished Creatures
  A minotaur (Gauntlet)
  A boulder beetle (D:11)
  Fannar (D:10)
  7 hydras
  Harold (D:11)
  A catoblepas (Lair:5)
  A two-headed ogre (D:11)
  10 death yaks
  A deep troll shaman (Lair:6)
  Urug (Lair:4)
  Sonja (D:11)
  Nergalle (D:11)
  A bog body (Lair:3)
  A lindwurm (Lair:6)
  A glowing orange brain (Gauntlet)
  An orange crystal statue (D:11)
  2 ugly things (Gauntlet)
  An orc knight (D:11)
  A manticore (Lair:5)
  2 cyclopes (D:11)
  10 elephants
  A moth of wrath (Gauntlet)
  A rust devil (D:9)
  4 black mambas
  6 cane toads
  2 rime drakes
  5 komodo dragons
  2 queen bees
  6 meliai
  2 trolls
  4 polar bears
  17 blink frogs
  A slime creature (D:11)
  4 dream sheep (Lair:3)
  2 wyverns
  21 yaks
  A wraith (D:11)
  3 basilisks
  2 steam dragons
  3 nagas (Lair:3)
  10 water moccasins
  A warg (Lair:2)
  An acid dragon (D:11)
  A necrophage (D:7)
  7 orc warriors
  An ice beast (D:7)
  2 black bears
  34 wolves
  2 ogres
  5 centaurs
  10 kobold brigands
  7 bullfrogs
  3 gnoll sergeants
  3 scorpions
  54 killer bees
  6 wights
  An electric eel (Lair:4)
  7 howler monkeys
  4 centaur zombies
  A bullfrog zombie (D:6)
  8 orc priests
  3 hounds
  A hell rat (Lair:5)
  A gnoll shaman (D:8)
  4 orc wizards
  An iguana (D:4)
  Natasha (D:4)
  A hound skeleton (D:4)
  A howler monkey zombie (D:7)
  10 gnolls
  4 adders
  3 white imps
  An ufetubus (D:5)
  A worm (D:2)
  3 dart slugs
  26 orcs
  2 bats (D:3)
  4 endoplasms
  3 giant cockroaches
  9 hobgoblins
  8 jackals
  A quokka (D:5)
  3 ball pythons (D:4)
  2 frilled lizards
  7 goblins
  25 kobolds
  2 rats
429 creatures vanquished.

Vanquished Creatures (collateral kills)
  2 hydras
  A catoblepas (Lair:6)
  A two-headed ogre (D:10)
  3 death yaks
  The ghost of wakim the Slicer, a novice KoBr (D:6)
  A bog body (Lair:3)
  3 elephants
  A rust devil (D:9)
  A cane toad (Lair:3)
  A komodo dragon (Lair:2)
  A polar bear (Lair:4)
  Prince Ribbit (D:6)
  A queen bee (Lair:5)
  4 blink frogs
  A wyvern (D:9)
  Eustachio (D:6)
  A basilisk (Lair:4)
  3 yaks
  A naga (Lair:3)
  3 water moccasins
  2 orc warriors
  A black bear (D:7)
  An ice beast (D:6)
  A sky beast (D:6)
  2 ogres
  A centaur (D:10)
  4 wolves
  Blork the orc (D:5)
  3 kobold brigands
  3 bullfrogs
  7 killer bees
  2 wights (D:6)
  2 centaur zombies
  2 hounds
  A gnoll shaman (D:3)
  Natasha (twice) (D:4)
  9 gnolls
  3 adders
  A river rat (Lair:5)
  A white imp (D:7)
  A worm (D:5)
  A dart slug (D:4)
  11 orcs
  3 endoplasms (D:1)
  A giant cockroach (D:1)
  6 goblins
  2 hobgoblins
  7 jackals
  4 kobolds
  3 quokkas
  2 bats (D:1)
  A frilled lizard (D:1)
  A rat (D:1)
124 creatures vanquished.

Vanquished Creatures (others)
  2 death yaks (Lair:5)
  3 elephants (Lair:4)
  A wyvern (Lair:6)
  3 yaks (Lair:5)
  A basilisk (Lair:5)
  A water moccasin (Lair:6)
  An orc (D:10)
  18 fungi
  32 plants
62 creatures vanquished.

Grand Total: 615 creatures vanquished

Notes
Turn   | Place    | Note
-------+----------+-------------------------------------------
     0 | D:1      | tilp the Barachi Summoner began the quest for the Orb.
     0 | D:1      | Reached XP level 1. HP: 13/13 MP: 3/3
    36 | D:1      | Reached skill level 1 in Fighting
   364 | D:1      | Reached XP level 2. HP: 21/22 MP: 0/5
   376 | D:1      | Learned a level 2 spell: Call Imp
   793 | D:1      | Found Ecoum's Antique Weapon Boutique.
  1617 | D:1      | Reached XP level 3. HP: 20/29 MP: 4/6
  1978 | D:2      | Reached skill level 5 in Summonings
  2023 | D:2      | Found a faded altar of an unknown god.
  2051 | D:2      | Learned a level 3 spell: Call Canine Familiar
  2276 | D:2      | You fall into a shaft and drop 2 floors!
  2573 | D:4      | Reached XP level 4. HP: 32/35 MP: 1/8
  2576 | D:4      | Noticed a centaur
  2589 | D:4      | Killed a centaur
  2590 | D:4      | Reached skill level 6 in Summonings
  2590 | D:4      | Reached skill level 1 in Shields
  2590 | D:4      | Reached XP level 5. HP: 19/41 MP: 3/9
  3133 | D:2      | Identified a scroll of acquirement
  3133 | D:2      | Acquired 778 gold pieces
  3193 | D:1      | Bought a faintly glowing glaive for 195 gold pieces
  3193 | D:1      | Identified the +0 glaive "Ogreslayer" {speed, +Rage rPois
                  | Str-2} (You bought it in a shop on level 1 of the Dungeon)
  3732 | D:3      | Learned a level 3 spell: Summon Guardian Golem
  3910 | D:3      | Reached XP level 6. HP: 47/47 MP: 10/10
  4518 | D:4      | Noticed Natasha
  4543 | D:4      | Killed Natasha
  4764 | D:4      | Noticed Natasha
  4774 | D:4      | Killed Natasha
  4963 | D:4      | Noticed Natasha
  4975 | D:4      | Killed Natasha
  5121 | D:5      | Entered Level 5 of the Dungeon
  5140 | D:5      | Found a hide-covered altar of Uskayaw.
  5201 | D:5      | Found a shadowy altar of Dithmenos.
  5227 | D:5      | Reached XP level 7. HP: 46/54 MP: 7/11
  5564 | D:5      | Found a sacrificial altar of Ru.
  5567 | D:5      | Found Deuxy's Jewellery Shoppe.
  5712 | D:5      | Noticed Blork the orc
  5734 | D:5      | Killed Blork the orc
  6274 | D:6      | Reached XP level 8. HP: 56/60 MP: 7/13
  6333 | D:6      | Noticed Eustachio
  6345 | D:6      | Killed Eustachio
  6346 | D:6      | Reached skill level 7 in Summonings
  6471 | D:6      | Noticed Prince Ribbit
  6481 | D:6      | Killed Prince Ribbit
  6482 | D:6      | Reached skill level 8 in Summonings
  6482 | D:6      | Reached skill level 1 in Polearms
  6997 | D:6      | Found a runed translucent gate.
  6997 | D:6      | Found a runed translucent gate.
  6997 | D:6      | Found a runed translucent gate.
  6998 | D:6      | Noticed wakim's ghost (novice KoBr)
  7203 | D:7      | Reached skill level 5 in Polearms
  7218 | D:7      | Reached XP level 9. HP: 65/65 MP: 8/15
  7589 | D:7      | Identified the +1 falchion of the Dark Horse {flame, +Blink
                  | Str+3 Dex+6}
  7689 | D:7      | Found a staircase to the Ecumenical Temple.
  7731 | Temple   | Entered the Ecumenical Temple
  7860 | Temple   | Became a worshipper of Warmaster Okawaru
  8081 | D:7      | Acquired the +0 hat of Ethics {Will+++ Str+9 Stlth-}
  8594 | D:8      | Reached skill level 5 in Fighting
  9148 | D:8      | Reached * piety under Okawaru
  9149 | D:8      | Reached skill level 9 in Summonings
  9404 | D:9      | Learned a level 4 spell: Summon Ice Beast
  9754 | D:9      | Found a radiant altar of Vehumet.
  9794 | D:9      | Reached XP level 10. HP: 56/76 MP: 5/16
  9799 | D:8      | Noticed a rust devil
  9799 | D:8      | Noticed a rust devil
  9997 | D:9      | Reached skill level 10 in Summonings
 10215 | D:9      | Reached ** piety under Okawaru
 10274 | D:9      | Found a faded altar of an unknown god.
 10274 | D:9      | Found a faded altar of an unknown god.
 10275 | D:9      | Found a hazy altar of Hepliaklqana.
 10884 | D:9      | Killed a rust devil
 10918 | D:9      | Killed a rust devil
 11111 | D:10     | Entered Level 10 of the Dungeon
 11375 | D:10     | Reached *** piety under Okawaru
 11423 | D:10     | Found a white marble altar of Elyvilon.
 11430 | D:10     | Noticed Fannar
 11719 | D:10     | Noticed a two-headed ogre
 11731 | D:10     | Killed a two-headed ogre
 11732 | D:10     | Reached skill level 1 in Invocations
 11861 | D:10     | Killed Fannar
 11861 | D:10     | Reached **** piety under Okawaru
 11862 | D:10     | Reached skill level 10 in Polearms
 12431 | D:11     | Noticed an orange crystal statue
 12599 | D:11     | Found a staircase to the Lair.
 12682 | D:11     | Reached skill level 5 in Invocations
 12738 | D:11     | Reached XP level 11. HP: 72/81 MP: 17/17
 13048 | D:11     | Noticed a boulder beetle
 13147 | D:11     | Killed a boulder beetle
 13290 | D:11     | Noticed Nergalle
 13319 | D:11     | Killed Nergalle
 13451 | D:11     | Noticed an orc knight
 13575 | D:11     | Noticed Harold
 13618 | D:11     | Noticed a cyclops
 13619 | D:11     | Killed Harold
 13622 | D:11     | Noticed Sonja
 13627 | D:11     | Noticed a two-headed ogre
 13926 | Lair:1   | Entered Level 1 of the Lair of Beasts
 13973 | D:11     | Reached ***** piety under Okawaru
 14171 | Lair:1   | Acquired the Tome of Calling
 14386 | Lair:1   | Received a gift from Okawaru
 14697 | Lair:1   | Found an opulent altar of Gozag.
 14733 | Lair:1   | Reached skill level 10 in Fighting
 15116 | Lair:2   | Noticed a six-headed hydra
 15127 | Lair:2   | Killed a six-headed hydra
 15190 | Lair:2   | Noticed a six-headed hydra
 15201 | Lair:2   | Killed a six-headed hydra
 15201 | Lair:2   | Received a gift from Okawaru
 15202 | Lair:2   | Reached XP level 12. HP: 97/97 MP: 12/18
 15258 | Lair:2   | Noticed a five-headed hydra
 15267 | Lair:2   | Killed a five-headed hydra
 15616 | Lair:2   | Found the +3 salamander hide armour {Flames rF++ rC--}
 16016 | Lair:3   | Found a staircase to the Swamp.
 16216 | Lair:3   | Found a gate leading to a gauntlet.
 16237 | Lair:3   | Reached skill level 11 in Summonings
 16265 | Gauntlet | Entered a Gauntlet
 16265 | Gauntlet | Found a transporter.
 16287 | Gauntlet | Found a transporter.
 16290 | Gauntlet | Found a transporter.
 16301 | Gauntlet | Found a transporter.
 16302 | Gauntlet | Found a transporter.
 16313 | Gauntlet | Found a transporter.
 16336 | Gauntlet | Found a transporter.
 16349 | Gauntlet | Found a transporter.
 16361 | Gauntlet | Found a transporter.
 16380 | Gauntlet | Found a transporter.
 16389 | Gauntlet | Found a runed translucent door.
 16395 | Gauntlet | Found a transporter.
 16395 | Gauntlet | Found a transporter.
 16398 | Gauntlet | Found a runed translucent door.
 16446 | Gauntlet | Found a transporter.
 16464 | Gauntlet | Found a transporter.
 16619 | Gauntlet | Reached ****** piety under Okawaru
 16636 | Gauntlet | Identified the ring "Kuysiny" {Will+ rCorr Dex+6}
 16680 | Gauntlet | Identified the +2 halberd of Judgement {spect, Str+7}
                  | (Okawaru gifted it to you in a Gauntlet)
 16680 | Gauntlet | Received a gift from Okawaru
 16681 | Gauntlet | Reached skill level 12 in Summonings
 16683 | Gauntlet | Reached skill level 5 in Dodging
 16690 | Gauntlet | Identified the +1 pair of boots of the Slorg {Rampage rCorr
                  | Str+3}
 16756 | Gauntlet | Noticed a minotaur
 16772 | Gauntlet | Killed a minotaur
 16773 | Gauntlet | Gained mutation: You can hop long distances. [Barachi
                  | growth]
 16773 | Gauntlet | Reached XP level 13. HP: 90/103 MP: 3/19
 16778 | Gauntlet | Identified the ring "Sah Qowe" {Dex+6 SInv}
 17032 | Lair:3   | Reached skill level 5 in Spellcasting
 17162 | Lair:3   | Found a staircase to the Snake Pit.
 17655 | Lair:4   | Found a transporter.
 17686 | Lair:4   | Found a transporter.
 17686 | Lair:4   | Noticed Esikicw's ghost (journeyman MiWn)
 17732 | Lair:4   | Noticed Urug
 17751 | Lair:4   | Killed Urug
 17751 | Lair:4   | Received a gift from Okawaru
 18241 | Lair:4   | Reached skill level 13 in Summonings
 18489 | Lair:4   | Found a burning altar of Makhleb.
 18773 | Lair:5   | Reached skill level 14 in Summonings
 18892 | Lair:5   | Received a gift from Okawaru
 18936 | Lair:5   | Reached skill level 15 in Summonings
 19117 | Lair:5   | Learned a level 4 spell: Summon Lightning Spire
 19373 | Lair:5   | Reached XP level 14. HP: 98/113 MP: 17/23
 19401 | Lair:5   | Received a gift from Okawaru
 19413 | Lair:5   | Reached skill level 1 in Ice Magic
 19413 | Lair:5   | Reached skill level 1 in Air Magic
 19564 | Lair:5   | Found a staircase to the Slime Pits.
 19565 | Lair:5   | Found a viscous altar of Jiyva.
 19986 | Lair:6   | Entered Level 6 of the Lair of Beasts
 20071 | Lair:5   | Received a gift from Okawaru
 20249 | Lair:6   | Acquired the +1 pair of gloves of Dogmatism {rC++ Slay+2
                  | Stlth+}
 20528 | Lair:6   | Reached skill level 16 in Summonings
 21313 | D:6      | Killed wakim's ghost
 21570 | D:11     | Killed Sonja
 21673 | D:11     | Found a staircase to the Orcish Mines.
 21702 | D:11     | Identified the +2 kite shield of Ybet {rElec rC+ rN++
                  | Int+3} (Okawaru gifted it to you on level 11 of the
                  | Dungeon)
 21702 | D:11     | Received a gift from Okawaru
 21903 | D:11     | Reached XP level 15. HP: 108/120 MP: 27/27
 22162 | D:11     | Reached skill level 17 in Summonings
 22316 | D:11     | Annihilated by a very large slime creature

Illustrated notes

Levels and vault maps discovered:
D:1:      nicolae_arrival_somewhat_less_tricky_arrival, layout_basic,
          serial_shops, shop, minmay_hedge_maze, minmay_misc_feat_doors
D:2:      layout_basic, ebering_ecumenical_altar_mist, kennysheep_generic_room_4
D:3:      layout_basic, minmay_between
D:4:      layout_loops_ring, uniq_natasha
D:5:      layout_rooms, nicolae_uskayaw_dance_hall, kennysheep_mini_moat,
          nicolae_ru_awakened_eye, serial_shops, shop, kennysheep_minor_cross,
          kennysheep_dice, uniq_blork_the_orc
D:6:      layout_rooms, gammafunk_ghost_nasty_kobolds, lemuel_old_faithful,
          uniq_prince_ribbit1, uniq_eustachio
D:7:      layout_rooms, temple_green
D:8:      cheibrodos_iron_armory, layout_basic
D:9:      layout_loops_corners, nicolae_hepliaklqana_ecumenical_no_more,
          lemuel_doored_altar
D:10:     layout_roguey, elyvilon_altar_3, kennysheep_generic_room_9,
          uniq_fannar
D:11:     layout_loops_cross, lair_entry_dummy, david_orc_5, minivault_16,
          library_closet, due_unseen_surprise, uniq_nergalle, uniq_sonja,
          uniq_harold
D:12:     kennysheep_snake, layout_cave_pools, nicolae_dithmenos_shadow_blocks
Temple:   nicolae_temple_x_marks_the_god
Lair:1:   layout_big_grid, basic_altar
Lair:2:   beast_lair_carwin_large_2, layout_gridlike, grunt_megastairs_2
Lair:3:   layout_chaotic_city, skrybe_swamp_entry_bodies,
          minmay_snake_entry_guardpost_small, gauntlet_entry_generic,
          chequers_serial_rivers_large_b
Lair:4:   layout_gridlike, basic_altar, nzn_ghost_randoct, special_room
          [special_room_bee], beast_lair_carwin_7, serial_bayou_shore_a,
          lemuel_fruit_tree, uniq_urug
Lair:5:   regret_index_tunnel_blossom, layout_cave_pods, slime_altar_1
Lair:6:   grunt_lair_end_beastmaster, layout_hall_layers

Skill      XL: |  1  2  3  4  5  6  7  8  9 10 11 12 13 14 15 |
---------------+----------------------------------------------+-----
Fighting       | 1 3 4 6 10 11 12 | 12.0
Summonings     | 5 6 8 9 10 12 15 16 17 | 17.0
Spellcasting   | 3 4 6 8 |  8.0
Stealth        | 2 3 4 |  4.0
Shields        | 1 3 4 |  4.0
Dodging        | 3 4 6 |  6.0
Polearms       | 5 7 10 12 | 12.0
Invocations    | 5 6 8 |  8.0
Evocations     | 4 |  4.0
Ice Magic      | 4 |  4.0
Air Magic      | 4 |  4.0

Action                   |  1- 3 |  4- 6 |  7- 9 | 10-12 | 13-15 || total
-------------------------+-------+-------+-------+-------+-------++-------
Melee: Club              |    11 |       |       |       |       ||    11
       Unarmed           |     4 |       |       |       |       ||     4
       Dagger            |    91 |   120 |    82 |       |       ||   293
       Halberd           |       |     4 |       |       |       ||     4
       Trident           |       |       |   255 |   642 |   755 ||  1652
Throw: Dart              |       |    12 |    26 |    12 |       ||    50
 Cast: Summon Small Mamm |    13 |       |       |       |       ||    13
       Call Imp          |    23 |    17 |    49 |    62 |    16 ||   167
       Call Canine Famil |       |     7 |    39 |    70 |    38 ||   154
       Summon Guardian G |       |       |       |     1 |     8 ||     9
       Summon Ice Beast  |       |       |       |       |    10 ||    10
       Summon Lightning  |       |       |       |       |     9 ||     9
Invok: Heroism           |       |       |     1 |    15 |    15 ||    31
       Finesse           |       |       |       |     1 |     1 ||     2
 Abil: Hop               |     1 |       |     3 |     7 |     3 ||    14
Evoke: Wand              |       |       |       |     7 |     2 ||     9
       Condenser vane    |       |       |       |       |     2 ||     2
       Lightning rod     |       |       |       |       |     4 ||     4
  Use: Scroll            |     3 |     8 |     6 |    11 |     6 ||    34
       Potion            |       |       |       |     4 |     2 ||     6
 Stab: Distracted        |     1 |     1 |     8 |     7 |    13 ||    30
       Sleeping          |     4 |     7 |     2 |     1 |     2 ||    16
       Invisible         |       |       |       |     1 |       ||     1
       Paralysed         |       |       |       |       |     1 ||     1
Armor: Robe              |     6 |       |    20 |       |       ||    26
       Leather armour    |    31 |    28 |    22 |       |       ||    81
       Ring mail         |       |       |    39 |     9 |       ||    48
       Scale mail        |       |       |       |   215 |   226 ||   441
Dodge: Dodged            |    67 |    94 |   202 |   260 |   265 ||   888
Block: Buckler           |       |       |    89 |   155 |   114 ||   358

Table legend: (Time is in decaauts)
 A = Elapsed time spent in this place.
 B = Non-inter-level travel time spent in this place.
 C = Inter-level travel time spent in this place.
 D = Time resting spent in this place.
 E = Time spent auto-exploring this place.
 F = Levels seen in this place.
 G = Mean time per level.
                   A        B        C        D        E       F      G
               +--------+--------+--------+--------+--------+-----+--------+
         Total |  24443 |  22379 |   2064 |   2959 |  14212 |  20 | 1222.2 |
       Dungeon |  16853 |  15197 |   1656 |   2014 |   9874 |  12 | 1404.4 |
        Temple |    147 |    133 |     14 |      0 |    122 |   1 |  147.0 |
          Lair |   6869 |   6476 |    393 |    916 |   3944 |   6 | 1144.8 |
      Gauntlet |    572 |    572 |      0 |     29 |    271 |   1 |  572.0 |
               +--------+--------+--------+--------+--------+-----+--------+

Top non-repeatable levels by time:
     D:9: 2301 daAuts
    D:11: 2300 daAuts
     D:1: 1925 daAuts
    D:10: 1620 daAuts
     D:4: 1554 daAuts
  Lair:5: 1454 daAuts
     D:8: 1402 daAuts
     D:6: 1360 daAuts
     D:3: 1307 daAuts
  Lair:2: 1222 daAuts
  Lair:4: 1220 daAuts
  Lair:3: 1171 daAuts
     D:5: 1166 daAuts
     D:2: 1058 daAuts
  Lair:6: 909 daAuts
